 Dungeon Crawl Stone Soup version 0.29.1-13-g9f3cf754e1 (webtiles) character file.

Game seed: 12581311323389887348

8 matakusis the Chopper (level 2, 22/22 HPs)
             Began as a Demonspawn Gladiator on Jan 28, 2023.
             Quit the game on level 1 of the Dungeon.
             The game lasted 00:02:03 (302 turns).

matakusis the Chopper (Demonspawn Gladiator)         Turns: 302, Time: 00:02:03

Health: 22/22      AC:  3    Str: 14    XL:     2   Next: 0%
Magic:  2/2        EV: 12    Int:  9    God:
Gold:   59         SH:  0    Dex: 14    Spells: 1/1 levels left

rFire   . . .      SeeInvis .   a - +0 war axe
rCold   . . .      Faith    .   (no shield)
rNeg    . . .      Spirit   .   b - +0 leather armour
rPois   .          Reflect  .   (helmet restricted)
rElec   .          Harm     .   (no cloak)
rCorr   .          Rampage  .   (no gloves)
Will    .....                   (no boots)
Stlth   +.........              (no amulet)
HPRegen 0.07/turn               (no ring)
MPRegen 0.08/turn               (no ring)

@: no status effects
A: antennae 1
a: no special abilities


You were on level 1 of the Dungeon.
You visited 1 branch of the dungeon, and saw 1 of its levels.

You collected 59 gold pieces.

Inventory:

Hand Weapons
 a - a +0 war axe (weapon)
Missiles
 d - 3 throwing nets (quivered)
 e - a javelin
Armour
 b - a +0 leather armour (worn)
 c - a +0 helmet
Scrolls
 g - 2 scrolls of teleportation {unknown}
 h - a scroll of blinking {unknown}
 i - a scroll of brand weapon {unknown}
Potions
 f - a potion of might {unknown}
 j - a potion of brilliance {unknown}


   Skills:
 * Level 2.0 Fighting
 * Level 2.9 Axes
 + Level 1.8 Throwing
 * Level 0.2 Armour
 * Level 2.8 Dodging


You had one spell level left.
You didn't know any spells.
Your spell library was empty.

Dungeon Overview and Level Annotations

Branches:
Dungeon (1/15)

Altars:


Innate Abilities, Weirdness & Mutations

You have a pair of small antennae on your head.


Message History

There's nothing to open nearby.
g - 2 scrolls labelled JONIFIT OFONIM (gained 1) There's nothing to open nearby.
You see here a +0 mace.
A hobgoblin comes into view.
The hobgoblin shouts!
An endoplasm comes into view.
The endoplasm quivers.
The endoplasm moves out of view.
A hobgoblin is nearby!
There are monsters nearby!
The hobgoblin barely misses you.
You barely miss the hobgoblin. The hobgoblin closely misses you.
You hit the hobgoblin.
The hobgoblin is severely wounded.
The hobgoblin hits you.
You hit the hobgoblin.
You kill the hobgoblin!
The endoplasm freezes you.
You are frozen.
You hit the endoplasm.
The endoplasm is moderately wounded.
The endoplasm misses you.
You hit the endoplasm but do no damage.
The endoplasm is moderately wounded.
The endoplasm barely misses you. The endoplasm freezes you.
You are frozen.
You slash the endoplasm!
You kill the endoplasm!
You have reached level 2!
You feel monstrous as your demonic heritage exerts itself.
Your demonic ancestry asserts itself...
A pair of antennae grows on your head!
Your +0 helmet falls away!
You now have 59 gold pieces (gained 9).
Found 2 stones.
Unknown command.
Unknown command.
Are you sure you want to abandon this character and quit the game? (Confirm with "yes".)

#.##......##
#.##........
##.##.##+#...
...##.######.#
##...........#
##.##.#####..#
.............#######
.#.#..........(..$.#
.#.#.....#..## #@#
.+.+.......... #.#
.#.#.....#..## #.#
.#.#######..##.#.#
##.# ####..##.#.#
##.# #.....##.#.#
...####.#...##.#.#
............##.#.#
.#.#.##.#...##.#.#


There were no monsters in sight!

Vanquished Creatures
  2 endoplasms (D:1)
  A hobgoblin (D:1)
  A quokka (D:1)
  2 bats (D:1)
  A kobold (D:1)
  A rat (D:1)
8 creatures vanquished.

Notes
Turn   | Place    | Note
-------+----------+-------------------------------------------
     0 | D:1      | matakusis the Demonspawn Gladiator began the quest for the
                  | Orb.
     0 | D:1      | Reached XP level 1. HP: 16/16 MP: 1/1
   216 | D:1      | Discovered your monstrous ancestry.
   216 | D:1      | Gained mutation: You have a pair of small antennae on your
                  | head. [demonic ancestry]
   216 | D:1      | Reached XP level 2. HP: 18/22 MP: 2/2
   302 | D:1      | Quit the game

Illustrated notes

Levels and vault maps discovered:
D:1:      enne_arrival_octagon_isle, layout_basic, chequers_garden,
          minmay_misc_feat_ornament

Action                   || total
-------------------------++-------
Melee: War axe           ||    21
Armor: Leather armour    ||     7
Dodge: Dodged            ||    25
